AoeStats
← Galagorth

Fortress

509409452Analyzed
4v4 RM · 7d ago on Sep 26, 2026· 51m 31s· 8 players
Game mode
Random Map
Map size
Huge
Population
200
Speed
Normal
Resources
Standard
Victory
Conquest
Starting age
Dark Age
Ending age
Imperial Age
RankedLock teamsTeams togetherTeam positionsShared explorationLock speedFull tech treeHidden civsTurbo modeCheats
Victory
Defeat
🇮🇱 Britons · Israel
1122
+14
🇲🇽 Varangians · Mexico
1118
+14
🇬🇧 Wei · United Kingdom
1087
+15
🇲🇽 Mongols · Mexico
1079
+16
🇺🇸 Slavs · United States
1153
-18
🇹🇼 Berbers · Taiwan
1140
-17
🇵🇪 Teutons · Peru
1010
-12
🇭🇰 Byzantines · Hong Kong SAR China
993
-17
DodoUltimo
9:52 Feudal Age
10:58 Gold Mining
10:49 Horse Collar
10:56 Double-Bit Axe
13:52 Castle Age
12:40 Stone Mining
13:53 Wheelbarrow
14:48 Bow Saw
14:42 Heavy Plow
15:26 Stone Shaft Mining
15:29 Gold Shaft Mining
25:15 Imperial Age
23:10 Hand Cart
22:50 Loom
23:47 Fervor
25:18 Forging
25:09 Scale Mail Armor
25:17 Scale Barding Armor
25:44 Husbandry
25:55 Bloodlines
26:41 Iron Casting
26:16 Town Watch
25:57 Elite Steppe Lancer
27:42 Chain Barding Armor
30:44 Blast Furnace
29:47 Caravan
30:42 Light Cavalry
32:28 Hussar
36:29 Heavy Camel Rider
40:55 Conscription
40:57 Drill
43:22 Fortified Wall
44:49 Masonry
44:46 Siege Engineers
Ux'RaulitoMD
8:01 Feudal Age
9:57 Double-Bit Axe
10:07 Loom
12:33 Castle Age
10:21 Horse Collar
11:46 Wheelbarrow
10:56 Town Watch
11:40 Fletching
15:42 Squires
15:48 Scale Mail Armor
15:59 Forging
24:21 Chain Mail Armor
24:05 Bodkin Arrow
24:46 Iron Casting
24:57 Arson
27:46 Masonry
27:32 Murder Holes
27:58 Ballistics
27:27 Pikeman
33:33 Hand Cart
33:18 Town Patrol
33:39 Heavy Plow
33:48 Scale Barding Armor
34:59 Gold Mining
35:00 Stone Mining
38:25 Imperial Age
36:36 Bloodlines
36:26 Husbandry
36:24 Gambesons
37:20 Ballistics
36:55 Murder Holes
37:12 Fortified Wall
38:03 Chain Barding Armor
37:07 Light Cavalry
38:53 Guard Tower
38:33 Vendel Legacy
38:35 Gothikon
39:40 Elite Varangian Guard
40:37 Cavalier
42:16 Caravan
43:10 Plate Mail Armor
43:17 Plate Barding Armor
45:04 Architecture
45:35 Chemistry
49:13 Stone Shaft Mining
49:49 Crop Rotation
49:32 Bow Saw
48:54 Halberdier
51:30 Blast Furnace
SeaLs
6:04 Loom
7:55 Feudal Age
8:50 Horse Collar
8:58 Double-Bit Axe
9:07 Gold Mining
9:08 Stone Mining
9:57 Wheelbarrow
16:01 Castle Age
17:35 Bow Saw
20:52 Stone Shaft Mining
20:53 Gold Shaft Mining
21:37 Bloodlines
21:27 Husbandry
22:09 Pikeman
22:49 Squires
22:36 Arson
25:54 Forging
25:50 Scale Barding Armor
30:31 Imperial Age
28:17 Hand Cart
30:16 Scale Mail Armor
30:32 Halberdier
32:03 Conscription
32:21 Hoardings
33:02 Iron Casting
32:43 Chain Mail Armor
31:55 Elite Tiger Cavalry
33:03 Ming Guang Armor
36:17 Blast Furnace
39:48 Heavy Plow
41:56 Light Cavalry
42:43 Hussar
itamargate47
7:57 Feudal Age
8:59 Double-Bit Axe
8:56 Horse Collar
12:18 Castle Age
15:51 Bow Saw
17:17 Wheelbarrow
20:45 Hand Cart
20:42 Loom
25:09 Imperial Age
22:56 Town Watch
23:38 Fletching
23:49 Padded Archer Armor
25:55 Warwolf
25:57 Bodkin Arrow
27:22 Gold Mining
27:23 Stone Mining
27:35 Heavy Plow
28:13 Bracer
28:29 Leather Archer Armor
30:11 Elite Longbowman
32:14 Two-Man Saw
31:51 Gold Shaft Mining
35:19 Ring Archer Armor
37:13 Cavalier
39:01 Scale Barding Armor
39:06 Forging
43:26 Conscription
46:22 Caravan
Evil Mechanic
5:43 Loom
7:28 Feudal Age
12:18 Castle Age
10:23 Double-Bit Axe
10:47 Horse Collar
13:26 Wheelbarrow
13:26 Bow Saw
14:37 Hand Cart
27:25 Imperial Age
24:41 Town Watch
25:40 Fortified Wall
26:32 Gold Mining
26:34 Stone Mining
27:00 Forging
27:18 Heavy Plow
27:57 Gold Shaft Mining
28:12 Town Patrol
30:41 Two-Man Saw
30:13 Crop Rotation
30:19 Iron Casting
29:50 Scale Barding Armor
29:06 Elite Boyar
30:07 Conscription
31:58 Bloodlines
31:48 Husbandry
31:57 Detinets
33:39 Blast Furnace
32:59 Chain Barding Armor
33:38 Squires
32:59 Pikeman
33:40 Scale Mail Armor
34:18 Hoardings
34:55 Caravan
35:25 Coinage
40:06 Druzhina
40:54 Plate Barding Armor
48:31 Light Cavalry
jasonpanex
6:28 Loom
8:13 Feudal Age
9:52 Loom
9:57 Double-Bit Axe
10:37 Horse Collar
12:02 Gold Mining
14:15 Castle Age
14:22 Bloodlines
15:16 Wheelbarrow
14:26 Town Watch
15:32 Bow Saw
17:23 Husbandry
18:09 Gold Shaft Mining
20:19 Scale Barding Armor
20:25 Forging
30:13 Heavy Plow
32:05 Hand Cart
31:51 Town Patrol
33:01 Caravan
33:44 Fletching
33:55 Padded Archer Armor
35:01 Town Patrol
36:16 Kasbah
40:31 Imperial Age
38:38 Light Cavalry
42:27 Chemistry
41:34 Siege Engineers
41:12 Hussar
41:22 Capped Ram
43:08 Conscription
42:15 Heavy Camel Rider
47:56 Maghrebi Camels
52:30 Hoardings
Galagorth
7:37 Feudal Age
8:14 Double-Bit Axe
8:26 Horse Collar
8:46 Loom
13:33 Castle Age
13:00 Stone Mining
15:28 Bow Saw
15:21 Heavy Plow
16:26 Stone Shaft Mining
16:45 Gold Mining
24:21 Wheelbarrow
26:58 Imperial Age
25:53 Fletching
27:31 Capped Ram
27:33 Elite Skirmisher
29:00 Conscription
31:36 Ballistics
31:50 Padded Archer Armor
31:46 Bodkin Arrow
32:58 Chemistry
31:22 Onager
37:26 Forging
37:18 Scale Mail Armor
37:59 Conscription
38:10 Pikeman
38:51 Squires
40:02 Leather Archer Armor
41:29 Man-at-Arms
41:55 Gambesons
41:55 Arson
42:50 Iron Casting
42:31 Chain Mail Armor
42:14 Long Swordsman
44:59 Blast Furnace
43:21 Two-Handed Swordsman
49:02 Caravan
kll20002003
3:39 Loom
8:30 Feudal Age
9:13 Double-Bit Axe
12:23 Castle Age
10:11 Horse Collar
22:24 Gold Mining
23:58 Fletching
25:18 Wheelbarrow
27:17 Imperial Age
25:25 Wheelbarrow
25:07 Fletching
25:17 Padded Archer Armor
25:28 Forging
25:19 Scale Mail Armor
26:04 Caravan
26:33 Bow Saw
26:25 Heavy Plow
26:00 Elite Skirmisher
27:20 Leather Archer Armor
27:01 Bodkin Arrow
27:57 Hand Cart
28:26 Iron Casting
29:24 Two-Man Saw
29:28 Conscription
29:21 Logistica
30:28 Bracer
30:59 Ring Archer Armor
30:45 Chain Mail Armor
30:15 Pikeman
30:56 Squires
31:12 Halberdier
32:38 Gold Shaft Mining
31:53 Stone Mining
32:35 Thumb Ring
32:33 Elite Varangian Guard
32:59 Arson
34:14 Plate Mail Armor
34:08 Gambesons
35:24 Crop Rotation
36:06 Greek Fire
37:12 Chemistry
36:33 Ballistics
35:54 Treadmill Crane
36:10 Murder Holes
36:07 Guard Tower
36:03 Arrowslits
36:29 Fortified Wall
38:45 Stone Shaft Mining
Connection lost

Rejoining the realm…

Still unreachable

The connection could not be restored.

Session expired

The server has moved on; the page needs a fresh start.